SL- A
TOLEDO SANDSTORM @ WADENA BEACH BOYS
06/19/2071
 
TOP OF THE 1ST
Williamsport Golden Grizzlies batting - Pitching for Arlington Bruins : RHP Joe Bauer
Pitching: RHP Joe Bauer
Batting: RHB Aaron Barton 0-0: SINGLE (Groundball, 34D, EV 103.1 MPH)
Batting: LHB Jonathan Valencia 0-0: Ball
1-0: Foul Ball, location: 2F
1-1: Fielders Choice at 2nd, 3-6 (Groundball, 3, EV 86.9 MPH)
Batting: RHB Dale Davis 0-0: Ball
1-0: Foul Ball, location: 2F
1-1: Ball
2-1: Grounds into double play, 4-6-3 (Groundball, 34, EV 80.6 MPH)
Top of the 1st over - 0 runs, 1 hit, 0 errors, 0 left on base; Williamsport 0 - Arlington 0
BOTTOM OF THE 1ST
Arlington Bruins batting - Pitching for Williamsport Golden Grizzlies : RHP George Cotter
Pitching: RHP George Cotter
Batting: RHB Jeff Harmon 0-0: Ball
1-0: Called Strike
1-1: Fly out, F7 (Line Drive, 7, EV 100.0 MPH)
Batting: LHB Danny Hernandez 0-0: Called Strike
0-1: Ball
1-1: Ball
2-1: DOUBLE (Line Drive, 8RXD, EV 109.4 MPH)
Batting: RHB Yury Vovchuk 0-0: Called Strike
0-1: Foul Ball, location: 2F
0-2: Ball
1-2: SINGLE (Flyball, 3D, EV 98.1 MPH)
Danny Hernandez to third
Batting: LHB Justin Reeves 0-0: Ball
Yury Vovchuk steals 2nd base
1-0: Called Strike
1-1: Foul Ball, location: 2F
1-2: Ball
2-2: Ball
Passed Ball!
Danny Hernandez scores
Yury Vovchuk to third
3-2: Base on Balls
Batting: RHB Matt Schnelker 0-0: Called Strike
0-1: SINGLE (Line Drive, 89S, EV 106.2 MPH)
Yury Vovchuk scores
Justin Reeves to second
Batting: RHB Tim Miller 0-0: Ball
1-0: Foul Ball, location: 2F
1-1: Foul Ball, location: 2F
1-2: Foul Ball, location: 2F
1-2: Strikes out swinging
Batting: RHB Halewijn Lommers 0-0: Ball
1-0: Foul Ball, location: 2F
1-1: Ball
2-1: Ball
3-1: Base on Balls
Justin Reeves to third
Matt Schnelker to second
Batting: RHB Rob Delp 0-0: Called Strike
0-1: Ball
1-1: Ball
2-1: Called Strike
2-2: Strikes out swinging
Bottom of the 1st over - 2 runs, 3 hits, 0 errors, 3 left on base; Williamsport 0 - Arlington 2
TOP OF THE 2ND
Williamsport Golden Grizzlies batting - Pitching for Arlington Bruins : RHP Joe Bauer
Batting: RHB Ryota Fukunaga 0-0: Ball
1-0: Ball
2-0: Foul Ball, location: 2F
2-1: SOLO HOME RUN (Flyball, 7D, EV 100.6 MPH), Distance : 403 ft
Batting: RHB Dong-hwan Kim 0-0: Swinging Strike
0-1: Ball
1-1: Swinging Strike
1-2: Strikes out swinging
Batting: LHB Sam Andrews 0-0: Foul Ball, location: 2F
0-1: Foul Ball, location: 2F
0-2: Ball
1-2: Strikes out swinging
Batting: RHB Joe Horne 0-0: Fly out, F9 (Line Drive, 9D, EV 88.1 MPH)
Top of the 2nd over - 1 run, 1 hit, 0 errors, 0 left on base; Williamsport 1 - Arlington 2
BOTTOM OF THE 2ND
Arlington Bruins batting - Pitching for Williamsport Golden Grizzlies : RHP George Cotter
Batting: RHB Joel Sawyer 0-0: Ball
1-0: Fly out, F8 (Flyball, 8LM, EV 90.6 MPH)
Batting: RHB Jeff Harmon 0-0: Foul Ball, location: 2F
0-1: Called Strike
0-2: Foul Ball, location: 2F
0-2: Foul Ball, location: 2F
0-2: Ball
1-2: Ball
2-2: Ball
3-2: Fly out, F2 (Popup, 2L, EV 83.8 MPH)
Batting: LHB Danny Hernandez 0-0: Ball
1-0: Ball
2-0: Ball
3-0: Called Strike
3-1: Called Strike
3-2: Ground out 4-3 (Groundball, 4, EV 80.6 MPH)
Bottom of the 2nd over - 0 runs, 0 hits, 0 errors, 0 left on base; Williamsport 1 - Arlington 2
TOP OF THE 3RD
Williamsport Golden Grizzlies batting - Pitching for Arlington Bruins : RHP Joe Bauer
Batting: RHB Isaiah Hale 0-0: Swinging Strike
0-1: Called Strike
0-2: Ball
1-2: Strikes out looking
Batting: RHB Jim Unknown 0-0: Swinging Strike
0-1: Swinging Strike
0-2: Strikes out swinging
Batting: RHB Aaron Barton 0-0: Ball
1-0: Ball
2-0: Called Strike
2-1: Ground out 5-3 (Groundball, 56S, EV 75.0 MPH)
Top of the 3rd over - 0 runs, 0 hits, 0 errors, 0 left on base; Williamsport 1 - Arlington 2
BOTTOM OF THE 3RD
Arlington Bruins batting - Pitching for Williamsport Golden Grizzlies : RHP George Cotter
Batting: RHB Yury Vovchuk 0-0: Ball
1-0: TRIPLE (Flyball, 89XD, EV 105.6 MPH)
Batting: LHB Justin Reeves 0-0: Called Strike
0-1: Ball
1-1: Called Strike
1-2: Ball
2-2: Foul Ball, location: 2F
2-2: Fly out, F7 (Flyball, 7S, EV 87.5 MPH)
Runner from 3rd tags up, OUT at HOME! 7-2
Batting: RHB Matt Schnelker 0-0: Foul Ball, location: 2F
0-1: Ball
1-1: Ball
2-1: Foul Ball, location: 2F
2-2: Ball
3-2: SINGLE (Flyball, 3D, EV 97.5 MPH)
Batting: RHB Tim Miller 0-0: Called Strike
0-1: Fielders Choice at 2nd, 5-4 (Groundball, 5, EV 82.5 MPH)
Bottom of the 3rd over - 0 runs, 2 hits, 0 errors, 1 left on base; Williamsport 1 - Arlington 2
TOP OF THE 4TH
Williamsport Golden Grizzlies batting - Pitching for Arlington Bruins : RHP Joe Bauer
Batting: LHB Jonathan Valencia 0-0: Swinging Strike
0-1: Ground out U3 (Groundball, 34S, EV 88.1 MPH)
Batting: RHB Dale Davis 0-0: Called Strike
0-1: SINGLE (Groundball, 5D, EV 98.1 MPH)
Batting: RHB Ryota Fukunaga 0-0: Fly out, F7 (Flyball, 7, EV 76.9 MPH)
Batting: RHB Dong-hwan Kim 0-0: Foul Ball, location: 2F
0-1: Fly out, F6 (Popup, 6, EV 71.9 MPH)
Top of the 4th over - 0 runs, 1 hit, 0 errors, 1 left on base; Williamsport 1 - Arlington 2
BOTTOM OF THE 4TH
Arlington Bruins batting - Pitching for Williamsport Golden Grizzlies : RHP George Cotter
Batting: RHB Halewijn Lommers 0-0: Foul Ball, location: 2F
0-1: Swinging Strike
0-2: Strikes out swinging
Batting: RHB Rob Delp 0-0: Called Strike
0-1: Foul Ball, location: 2F
0-2: Foul Ball, location: 2F
0-2: Strikes out looking
Batting: RHB Joel Sawyer 0-0: Ball
1-0: Ball
2-0: Called Strike
2-1: Foul Ball, location: 2F
2-2: Fly out, F8 (Flyball, 8LXD, EV 103.8 MPH)
Bottom of the 4th over - 0 runs, 0 hits, 0 errors, 0 left on base; Williamsport 1 - Arlington 2
TOP OF THE 5TH
Williamsport Golden Grizzlies batting - Pitching for Arlington Bruins : RHP Joe Bauer
Batting: LHB Sam Andrews 0-0: Foul Ball, location: 2F
0-1: Ball
1-1: Ball
2-1: Ball
3-1: Base on Balls
Batting: RHB Joe Horne 0-0: Foul Ball, location: 2F
0-1: Ball
1-1: Ball
2-1: Ball
3-1: Base on Balls
Sam Andrews to second
Batting: RHB Isaiah Hale 0-0: Ball
1-0: Foul Ball, location: 2F
1-1: Ball
2-1: Called Strike
2-2: Strikes out swinging
Batting: RHB Jim Unknown 0-0: Ball
1-0: Foul Ball, location: 2F
1-1: Swinging Strike
1-2: Fly out, F8 (Line Drive, 8LD, EV 109.4 MPH)
Batting: RHB Aaron Barton 0-0: Ball
1-0: Foul Ball, location: 2F
1-1: Ball
2-1: Ball
3-1: Base on Balls
Sam Andrews to third
Joe Horne to second
Batting: LHB Jonathan Valencia 0-0: Ball
1-0: Called Strike
1-1: Foul Ball, location: 2F
1-2: Ball
2-2: Ground out 6-3 (Groundball, 56D, EV 90.0 MPH)
Top of the 5th over - 0 runs, 0 hits, 0 errors, 3 left on base; Williamsport 1 - Arlington 2
BOTTOM OF THE 5TH
Arlington Bruins batting - Pitching for Williamsport Golden Grizzlies : RHP George Cotter
Batting: RHB Jeff Harmon 0-0: Ball
1-0: SINGLE (Flyball, 9LM, EV 105.6 MPH)
Batting: LHB Danny Hernandez 0-0: Fly out, F8 (Flyball, 8RD, EV 91.9 MPH)
Batting: RHB Yury Vovchuk 0-0: Called Strike
0-1: Ball
1-1: Ball
2-1: Grounds into double play, 6-4-3 (Groundball, 6, EV 86.9 MPH)
Bottom of the 5th over - 0 runs, 1 hit, 0 errors, 0 left on base; Williamsport 1 - Arlington 2
TOP OF THE 6TH
Williamsport Golden Grizzlies batting - Pitching for Arlington Bruins : RHP Joe Bauer
Batting: RHB Dale Davis 0-0: Called Strike
0-1: Ball
1-1: SINGLE (Groundball, 34D, EV 104.4 MPH)
Batting: RHB Ryota Fukunaga 0-0: Swinging Strike
0-1: Ball
1-1: Grounds into double play, 5-4-3 (Groundball, 56, EV 91.9 MPH)
Batting: RHB Dong-hwan Kim 0-0: Ball
1-0: Ball
2-0: Ball
3-0: Called Strike
3-1: Foul Ball, location: 2F
3-2: Foul Ball, location: 2F
3-2: Fly out, F4 (Flyball, 34D, EV 86.9 MPH)
Top of the 6th over - 0 runs, 1 hit, 0 errors, 0 left on base; Williamsport 1 - Arlington 2
BOTTOM OF THE 6TH
Arlington Bruins batting - Pitching for Williamsport Golden Grizzlies : RHP George Cotter
Pitching: RHP Chad Santorio
Batting: LHB Justin Reeves 0-0: Ball
1-0: Foul Ball, location: 2F
1-1: Ground out 4-3 (Groundball, 34, EV 98.8 MPH)
Batting: RHB Matt Schnelker 0-0: Foul Ball, location: 2F
0-1: Foul Ball, location: 2F
0-2: Foul Ball, location: 2F
0-2: SINGLE (Flyball, 56D, EV 92.5 MPH)
Batting: RHB Tim Miller 0-0: Called Strike
0-1: Ball
1-1: Ball
2-1: Ball
3-1: Base on Balls
Matt Schnelker to second
Batting: RHB Halewijn Lommers 0-0: Called Strike
0-1: Swinging Strike
0-2: Ball
1-2: Ball
2-2: Strikes out swinging
Batting: RHB Rob Delp 0-0: Ball
1-0: Ball
2-0: DOUBLE (Line Drive, 9LM, EV 108.8 MPH)
Matt Schnelker scores
Tim Miller to third
Batting: RHB Joel Sawyer 0-0: Ball
1-0: Called Strike
1-1: Ground out 5-3 (Groundball, 5, EV 89.4 MPH)
Bottom of the 6th over - 1 run, 2 hits, 0 errors, 2 left on base; Williamsport 1 - Arlington 3
TOP OF THE 7TH
Williamsport Golden Grizzlies batting - Pitching for Arlington Bruins : RHP Joe Bauer
Batting: LHB Sam Andrews 0-0: Ball
1-0: Called Strike
1-1: Ball
2-1: Ball
3-1: Base on Balls
Batting: RHB Joe Horne 0-0: Ball
1-0: Foul Ball, location: 2F
1-1: Swinging Strike
1-2: Ball
2-2: Fly out, F3 (Popup, 3SF, EV 83.8 MPH)
Batting: RHB Isaiah Hale 0-0: Called Strike
0-1: Ball
1-1: Foul Ball, location: 2F
1-2: Foul Ball, location: 2F
1-2: Foul Ball, location: 2F
1-2: Strikes out swinging
Pitching: RHP Jorge Campa
Batting: RHB Jim Unknown 0-0: SINGLE (Flyball, 8RS, EV 89.4 MPH)
Sam Andrews to second
Runner from 2nd tries for 3rd, SAFE, no throw by CF
Pinch Hitting: LHB Francisco Casarez 0-0: Foul Ball, location: 2F
0-1: Foul Ball, location: 2F
0-2: Ball
1-2: Ball
2-2: Foul Ball, location: 2F
2-2: Ball
3-2: SINGLE (Groundball, 34D, EV 95.0 MPH)
Sam Andrews scores
Jim Unknown to second
Jim Unknown to third
Batting: LHB Jonathan Valencia 0-0: Called Strike
0-1: Ball
1-1: SINGLE (Flyball, 78S, EV 86.9 MPH)
Jim Unknown scores
Francisco Casarez to second
Batting: RHB Dale Davis 0-0: Ball
Wild Pitch!
Francisco Casarez to third
Jonathan Valencia to second
1-0: Foul Ball, location: 2F
1-1: Swinging Strike
1-2: Strikes out swinging
Top of the 7th over - 2 runs, 3 hits, 0 errors, 2 left on base; Williamsport 3 - Arlington 3
BOTTOM OF THE 7TH
Arlington Bruins batting - Pitching for Williamsport Golden Grizzlies : RHP Chad Santorio
Now at 1B: Francisco Casarez
Batting: RHB Jeff Harmon 0-0: Ball
1-0: Called Strike
1-1: Ball
2-1: Swinging Strike
2-2: Strikes out swinging
Batting: LHB Danny Hernandez 0-0: Called Strike
0-1: Ball
1-1: Swinging Strike
1-2: Strikes out swinging
Batting: RHB Yury Vovchuk 0-0: Called Strike
0-1: Ball
1-1: Ball
2-1: Swinging Strike
2-2: Foul Ball, location: 2F
2-2: Strikes out swinging
Bottom of the 7th over - 0 runs, 0 hits, 0 errors, 0 left on base; Williamsport 3 - Arlington 3
TOP OF THE 8TH
Williamsport Golden Grizzlies batting - Pitching for Arlington Bruins : RHP Jorge Campa
Batting: RHB Ryota Fukunaga 0-0: Ball
1-0: Foul Ball, location: 2F
1-1: Foul Ball, location: 2F
1-2: Ball
2-2: Ball
3-2: Fly out, F8 (Flyball, 89D, EV 106.9 MPH)
Batting: RHB Dong-hwan Kim 0-0: Fly out, F9 (Line Drive, 9D, EV 102.5 MPH)
Batting: LHB Sam Andrews 0-0: Ball
1-0: Ball
2-0: Foul Ball, location: 2F
2-1: Ball
3-1: Base on Balls
Batting: RHB Joe Horne 0-0: Called Strike
Balk!
Sam Andrews to second
0-1: Ball
1-1: DOUBLE (Flyball, 8RXD, EV 98.1 MPH)
Sam Andrews scores
Batting: RHB Isaiah Hale 0-0: Ball
1-0: Ball
Wild Pitch!
Joe Horne to third
2-0: Ball
3-0: Base on Balls
Batting: RHB Jim Unknown 0-0: Called Strike
0-1: Ball
1-1: Called Strike
1-2: Strikes out looking
Top of the 8th over - 1 run, 1 hit, 0 errors, 2 left on base; Williamsport 4 - Arlington 3
BOTTOM OF THE 8TH
Arlington Bruins batting - Pitching for Williamsport Golden Grizzlies : RHP Chad Santorio
Batting: LHB Justin Reeves 0-0: Ball
1-0: Foul Ball, location: 2F
1-1: Ground out 4-3 (Groundball, 4, EV 81.2 MPH)
Batting: RHB Matt Schnelker 0-0: Ball
1-0: Called Strike
1-1: Foul Ball, location: 2F
1-2: Ball
2-2: Ball
3-2: Foul Ball, location: 2F
3-2: Base on Balls
Pitching: RHP Derrick Eleveld
Batting: RHB Tim Miller 0-0: Ball
1-0: Ball
2-0: Called Strike
2-1: SINGLE (Groundball, 56D, EV 104.4 MPH)
Matt Schnelker to second
Batting: RHB Halewijn Lommers 0-0: Ball
1-0: Called Strike
1-1: Fly out, F2 (Popup, 13S, EV 80.6 MPH)
Batting: RHB Rob Delp 0-0: Ball
1-0: Foul Ball, location: 2F
1-1: Foul Ball, location: 2F
1-2: Foul Ball, location: 2F
1-2: Ball
2-2: Ball
3-2: Fly out, F8 (Flyball, 78XD, EV 83.1 MPH)
Bottom of the 8th over - 0 runs, 1 hit, 0 errors, 2 left on base; Williamsport 4 - Arlington 3
TOP OF THE 9TH
Williamsport Golden Grizzlies batting - Pitching for Arlington Bruins : RHP Jorge Campa
Batting: LHB Francisco Casarez 0-0: Swinging Strike
0-1: Called Strike
0-2: Strikes out swinging
Batting: LHB Jonathan Valencia 0-0: Called Strike
0-1: Ball
1-1: Ground out 4-3 (Groundball, 34, EV 86.2 MPH)
Batting: RHB Dale Davis 0-0: Called Strike
0-1: Ball
1-1: Ball
2-1: Foul Ball, location: 2F
2-2: Ball
3-2: Foul Ball, location: 2F
3-2: Fly out, F8 (Line Drive, 8RM, EV 91.2 MPH)
Top of the 9th over - 0 runs, 0 hits, 0 errors, 0 left on base; Williamsport 4 - Arlington 3
BOTTOM OF THE 9TH
Arlington Bruins batting - Pitching for Williamsport Golden Grizzlies : RHP Derrick Eleveld
Now in LF: Dave Steinmetz
Batting: RHB Joel Sawyer 0-0: Ball
1-0: Called Strike
1-1: Ball
2-1: Swinging Strike
2-2: Ball
3-2: SINGLE (Flyball, 9S, EV 95.0 MPH)
Batting: RHB Jeff Harmon 0-0: Ball
1-0: Called Strike
1-1: Foul Ball, location: 2F
1-2: Strikes out swinging
Batting: LHB Danny Hernandez 0-0: Ball
1-0: Fly out, F7 (Flyball, 78S, EV 89.4 MPH)
Batting: RHB Yury Vovchuk 0-0: Called Strike
0-1: Called Strike
0-2: Strikes out swinging
Bottom of the 9th over - 0 runs, 1 hit, 0 errors, 1 left on base; Williamsport 4 - Arlington 3
Tuesday, March 14th , 2023 - OOTP Baseball 23.10 Build 110